 Dungeon Crawl Stone Soup version 0.17.1-3-g152610e (webtiles) character file.

1059 Miyamura the Shield-Bearer (level 8, -11/64 HPs)
             Began as a Formicid Fighter on Feb 28, 2016.
             Mangled by an ogre
             ... wielding a +0 giant spiked club
              (18 damage)
             ... on level 5 of the Dungeon.
             The game lasted 00:12:45 (5911 turns).

Miyamura the Shield-Bearer (Formicid Fighter)       Turns: 5911, Time: 00:12:45

Health: -11/64     AC: 11    Str: 22    XL:     8   Next: 51%
Magic:  8/8        EV:  8    Int:  9    God:
Gold:   317        SH: 11    Dex: 10    Spells: 0 memorised, 7 levels left

rFire  . . .     SeeInvis +     a - +0 war axe
rCold  + . .     Clarity  .     r - +0 chain mail
rNeg   + . .     SustAt   .     c - +1 shield
rPois  .         Gourm    .     (helmet unavailable)
rElec  .         Spirit   .     (no cloak)
rCorr  .         Warding  .     C - +0 pair of gloves
rMut   .         Stasis   +     (no boots)
MR     .....                    (no amulet)
Stlth  ..........               h - ring of positive energy
                                m - ring of protection from cold

@: not resistant to hostile enchantments, extremely unstealthy
A: permanent stasis, dig shafts and tunnels, four strong arms, antennae 3
a: Dig, Shaft Self


You were on level 5 of the Dungeon.
You were hungry.

You visited 1 branch of the dungeon, and saw 5 of its levels.
You also visited: Ossuary.

You collected 317 gold pieces.

Inventory:

Hand Weapons
 a - a +0 war axe (weapon)
 l - a +2 morningstar of protection
 q - a +0 hand axe of flaming
Missiles
 j - 32 poisoned needles
Armour
 c - a +1 shield (worn)
 r - a +0 chain mail (worn)
 C - a +0 pair of gloves (worn)
Jewellery
 h - a ring of positive energy (right hand)
 m - a ring of protection from cold (left hand)
Wands
 i - a wand of slowing (22)
 t - a wand of digging (2)
 x - a wand of slowing (19)
 y - a wand of lightning (8)
Scrolls
 g - 2 scrolls of enchant armour
 k - a scroll of magic mapping
 n - 2 scrolls of fear
 v - 3 scrolls of remove curse
Potions
 b - a potion of degeneration {unknown}
 d - a potion of might
 o - a potion of flight
 s - a potion of mutation {unknown}
 u - a potion of brilliance
 w - a potion of curing
 A - a potion of lignification {unknown}
 B - a potion of ambrosia {unknown}
 D - a potion of invisibility {unknown}
 E - a potion of heal wounds {unknown}
 H - a potion of cure mutation {!q}
 I - a potion of haste {unknown}
Comestibles
 e - 3 bread rations
 f - a beef jerky
 p - 3 meat rations
 z - a slice of pizza


   Skills:
 + Level 5.6 Fighting
 + Level 4.6 Axes
 + Level 5.6 Armour
 + Level 3.3 Dodging
 + Level 6.4 Shields


You had 7 spell levels left.
You didn't know any spells.

Dungeon Overview and Level Annotations

Branches:
Dungeon (5/15)
 Temple: D:4-7

Altars:
Ashenzari
Yredelemnul

Annotations:
D:4 Alakolaz's ghost, amateur DrBe


Innate Abilities, Weirdness & Mutations

You are under a permanent stasis effect.
You can dig through walls and to a lower floor.
Your four strong arms can wield two-handed weapons with a shield.
You have a pair of large antennae on your head (SInv).


Message History

Press: ? - help, Shift-Dir - straight line, f - ogre
Aim: an ogre, wielding a giant spiked club (severely wounded, chance to defeat MR: 51%)
The ogre resists with significant effort.
This wand has 24 charges left.
Evoke which item? (* to show all) (? for menu, Esc to quit)
Zapping:
i - a wand of slowing (24)
Press: ? - help, Shift-Dir - straight line, f/p - ogre
Aim: an ogre, wielding a giant spiked club (severely wounded, chance to defeat MR: 51%)
The ogre resists with significant effort.
This wand has 23 charges left.
The ogre hits you with a giant spiked club.
* * * LOW HITPOINT WARNING * * *
Evoke which item? (* to show all) (? for menu, Esc to quit)
Zapping:
i - a wand of slowing (23)
Press: ? - help, Shift-Dir - straight line, f/p - ogre
Aim: an ogre, wielding a giant spiked club (severely wounded, chance to defeat MR: 51%)
The ogre resists with significant effort.
This wand has 22 charges left.
The ogre hits you with a giant spiked club!!
You die...

#.....# #.# #.#.....'..#
#.#.#.#####.## #.###.###..#
#.#..........###...#.#...##
#.###.###.....##...###...#
#.....##.#...###.........#
#######.###.......########
##.#..####### ##.#O# ###@#
#.# ##.####### #........#
###########..#####.#
#........##..#####.#
#####.######.##........####
..........................#
.####.##..##.##...._...##.#


You could see an ogre.

Vanquished Creatures
  Menkaure (D:5)
  An ogre (D:4)
  A centaur (D:3)
  A crocodile (D:5)
  3 water moccasin zombies (Ossuary)
  A scorpion (D:3)
  2 hounds (D:4)
  Jessica (D:2)
  An iguana (D:5)
  Terence (D:2)
  5 worker ants
  A big kobold zombie (Ossuary)
  2 mummies (Ossuary)
  3 adders
  A shadow imp (D:5)
  An ooze (D:2)
  An adder skeleton (D:4)
  7 adder zombies
  6 worms
  2 giant geckos
  10 orcs
  6 bats
  3 gnoll zombies (Ossuary)
  10 hobgoblins
  3 jackals (D:2)
  A quokka (D:3)
  A ball python skeleton (D:4)
  4 giant cockroaches
  A giant cockroach zombie (D:5)
  5 giant newts
  6 goblins
  8 hobgoblin zombies (Ossuary)
  5 kobolds
  4 kobold zombies (Ossuary)
  9 orc zombies (Ossuary)
  8 rats
126 creatures vanquished.

Notes
Turn   | Place    | Note
--------------------------------------------------------------
     0 | D:1      | Miyamura the Formicid Fighter began the quest for the Orb.
     0 | D:1      | Reached XP level 1. HP: 18/18 MP: 1/1
    81 | D:1      | Reached XP level 2. HP: 24/24 MP: 2/2
   391 | D:1      | Reached skill level 4 in Shields
   391 | D:1      | Reached XP level 3. HP: 29/29 MP: 3/3
   692 | D:2      | Noticed Jessica
  1111 | D:2      | Found a basalt altar of Yredelemnul.
  1235 | D:2      | Reached XP level 4. HP: 33/35 MP: 4/4
  1450 | D:2      | Killed Jessica
  1450 | D:2      | Reached skill level 1 in Dodging
  1764 | D:2      | Reached XP level 5. HP: 28/42 MP: 5/5
  1890 | D:2      | Noticed Terence
  1899 | D:2      | Killed Terence
  2377 | D:3      | Reached skill level 5 in Shields
  2426 | D:3      | Noticed a centaur
  2442 | D:3      | Killed a centaur
  2442 | D:3      | Reached XP level 6. HP: 38/48 MP: 6/6
  3116 | D:4      | Noticed Alakolaz's ghost (amateur DrBe)
  3688 | D:4      | Reached XP level 7. HP: 49/55 MP: 7/7
  4361 | D:5      | Entered Level 5 of the Dungeon
  4419 | D:5      | Found a sand-covered staircase.
  4427 | Ossuary  | Entered an ossuary
  4487 | Ossuary  | Reached skill level 5 in Armour
  4533 | Ossuary  | Reached skill level 5 in Fighting
  4722 | Ossuary  | Reached XP level 8. HP: 57/62 MP: 8/8
  4730 | Ossuary  | Reached skill level 6 in Shields
  5293 | D:5      | Found a shattered altar of Ashenzari.
  5308 | D:5      | Noticed Menkaure
  5317 | D:5      | Killed Menkaure
  5911 | D:5      | Mangled by an ogre

Action                   |  1- 3 |  4- 6 |  7- 9 || total
-------------------------+-------+-------+-------++-------
Melee: War axe           |    98 |   169 |   234 ||   501
Evoke: Wand              |       |     5 |     6 ||    11
  Use: Scroll            |     3 |    11 |     2 ||    16
       Potion            |       |       |     4 ||     4
  Eat: Chunk             |     1 |     8 |     7 ||    16
